 Dungeon Crawl Stone Soup version 0.29.0-4-gdea44cf6ec (webtiles) character file.

Game seed: 11119920170737132097

15 qw the Chopper (level 2, -2/17 HPs)
             Began as a Tengu Warper on Aug 28, 2022.
             Slain by a goblin
             ... wielding a +0 club
              (4 damage)
             ... on level 1 of the Dungeon.
             The game lasted 00:00:02 (163 turns).

qw the Chopper (Tengu Warper)                        Turns: 163, Time: 00:00:02

Health: -2/17      AC:  3    Str: 11    XL:     2   Next: 50%
Magic:  6/6        EV: 11    Int: 13    God:
Gold:   9          SH:  0    Dex: 13    Spells: 5/5 levels left

rFire   . . .      SeeInvis .   a - +0 hand axe
rCold   . . .      Faith    .   (no shield)
rNeg    . . .      Spirit   .   b - +0 leather armour
rPois   .          Reflect  .   (helmet restricted)
rElec   .          Harm     .   (no cloak)
rCorr   .          Rampage  .   (no gloves)
Will    .....                   (boots unavailable)
Stlth   +.........              (no amulet)
HPRegen 0.05/turn               (no ring)
MPRegen 0.10/turn               (no ring)

@: no status effects
A: beak, talons 3
a: no special abilities


You were on level 1 of the Dungeon.
You visited 1 branch of the dungeon, and saw 1 of its levels.

You collected 9 gold pieces.


Innate Abilities, Weirdness & Mutations

You have a beak for a mouth.
You have claws for feet.


   Skills:
 - Level 2.0 Fighting
 + Level 3.3 Axes
 - Level 1.0 Throwing
 - Level 1.1 Armour
 - Level 2.1 Dodging
 - Level 2.0 Spellcasting
 - Level 2.4 Translocations


You had 5 spell levels left.
You didn't know any spells.
Your spell library contained the following spells:

 Spells                   Type           Power      Damage    Failure   Level
 Blink                    Tloc           14%        N/A       19%         2
 Gell's Gravitas          Tloc           7%         N/A       36%         3
 Lesser Beckoning         Tloc           7%         N/A       36%         3
 Teleport Other           Tloc           7%         N/A       36%         3
 Manifold Assault         Tloc           7%         N/A       98%         5

Inventory:

Hand Weapons
 a - a +0 hand axe (weapon)
 g - a +0 club
Missiles
 d - a boomerang of dispersal (quivered)
Armour
 b - a +0 leather armour (worn)
Scrolls
 c - a scroll of blinking
Potions
 e - a potion of might {unknown}
 f - a potion of attraction {unknown}

Dungeon Overview and Level Annotations

Branches:
Dungeon (1/15)

Altars:


Message History

You closely miss the kobold. You barely miss the goblin.
The goblin hits you but does no damage. The kobold hits you with a +0 whip.
A jackal comes into view.
The hobgoblin closely misses you. The kobold barely misses you.
The goblin barely misses you.
152 ||| Stepping ~*~*~tactically~*~*~ (stealth).
153 ||| Stepping ~*~*~tactically~*~*~ (stealth).
The goblin attacks as you move away! The goblin barely misses you.
154 ||| Stepping ~*~*~tactically~*~*~ (stealth).
You barely miss the goblin. You claw the goblin.
The goblin is severely wounded.
The goblin hits you but does no damage.
You closely miss the goblin.
The jackal barks!
Your kick misses the goblin.
The goblin is severely wounded.
You hear a shout!
The goblin hits you with a +0 dagger of protection.
You hit the goblin but do no damage. Your kick misses the goblin.
The goblin is severely wounded.
The goblin barely misses you.
You hit the goblin.
You kill the goblin!
You hit the rat.
You kill the rat!
The jackal bites you.
You closely miss the jackal. You peck the jackal.
The jackal is severely wounded.
A goblin comes into view. It is wielding a +0 club.
The jackal misses you.
You completely miss the jackal.
The goblin shouts!
You claw the jackal.
You kill the jackal!
You hit the hobgoblin. You claw the hobgoblin.
You kill the hobgoblin!
You hit the goblin.
The goblin is severely wounded.
The goblin hits you with a +0 club.
You die...

##...........###...###
..............##.....
##........%....(.#..#
####...)#.##.##.#h.#
#....#...(...#).#####
#....#.##.....)......
###....#.#####K#%#.###.
..........#####g#.#
#########.....%@#.#
#########.# .# .. ##


You could see a goblin and a kobold.

Vanquished Creatures
  A bat (D:1)
  3 goblins (D:1)
  A hobgoblin (D:1)
  3 jackals (D:1)
  2 ball pythons (D:1)
  2 kobolds (D:1)
  A rat (D:1)
13 creatures vanquished.

Notes
Turn   | Place    | Note
-------+----------+-------------------------------------------
     0 | D:1      | qw the Tengu Warper began the quest for the Orb.
     0 | D:1      | Reached XP level 1. HP: 12/12 MP: 4/4
     0 | D:1      | 0 ||| qw: Version: 0.1-a-89-g26bdef1
     0 | D:1      | 0 ||| qw: Game counter: 3116
     0 | D:1      | 0 ||| qw: Always use a shield: true
     0 | D:1      | 0 ||| qw: God list: Okawaru
     0 | D:1      | 0 ||| qw: Allow faded altars: false
     0 | D:1      | 0 ||| qw: Do Orc after D:15 true
     0 | D:1      | 0 ||| qw: Do second Lair branch before Depths: true
     0 | D:1      | 0 ||| qw: Lair rune preference: random
     0 | D:1      | 0 ||| qw: Plans: Normal
     0 | D:1      | 0 ||| PLANNING D:1-11
   105 | D:1      | 105 ||| Stepping ~*~*~tactically~*~*~ (stealth).
   108 | D:1      | 108 ||| Stepping ~*~*~tactically~*~*~ (stealth).
   111 | D:1      | 111 ||| Stepping ~*~*~tactically~*~*~ (stealth).
   112 | D:1      | 112 ||| Stepping ~*~*~tactically~*~*~ (stealth).
   113 | D:1      | 113 ||| Stepping ~*~*~tactically~*~*~ (stealth).
   114 | D:1      | 114 ||| Stepping ~*~*~tactically~*~*~ (stealth).
   115 | D:1      | 115 ||| Stepping ~*~*~tactically~*~*~ (stealth).
   145 | D:1      | Reached XP level 2. HP: 17/17 MP: 6/6
   148 | D:1      | Reached skill level 3 in Axes
   152 | D:1      | 152 ||| Stepping ~*~*~tactically~*~*~ (stealth).
   153 | D:1      | 153 ||| Stepping ~*~*~tactically~*~*~ (stealth).
   154 | D:1      | 154 ||| Stepping ~*~*~tactically~*~*~ (stealth).
   156 | D:1      | HP: 4/17 [goblin/+0 dagger of protection (3)]
   163 | D:1      | Slain by a goblin

Levels and vault maps discovered:
D:1:      minmay_arrival_arboretum_small, layout_loops_cross

Skill      XL: |  1  2 |
---------------+-------+-----
Axes           | 3 |  3.3
Fighting       | |  2.0
Throwing       | |  1.0
Armour         | |  1.1
Dodging        | |  2.1
Spellcasting   | |  2.0
Translocations | |  2.4

Action                   || total
-------------------------++-------
Melee: Hand axe          ||    20
       Kick              ||     4
       Peck              ||     2
Throw: Boomerang         ||     6
Armor: Leather armour    ||    10
Dodge: Dodged            ||    17

Table legend:
 A = Non-vault XP
 B = Vault XP
 C = Vault XP percentage of total XP
 D = Non-vault monster count
 E = Vault monster count
 F = Vault count percentage of total count
                 A         B        C        D         E       F
            +---------+---------+-------+---------+---------+-------
      Total |      22 |       0 |   0.0 |      13 |       0 |   0.0
            +---------+---------+-------+---------+---------+-------
        D:1 |      22 |       0 |   0.0 |      13 |       0 |   0.0
            +---------+---------+-------+---------+---------+-------
